 Dungeon Crawl Stone Soup version 0.29.1-15-g9cfb28693d (webtiles) character file.

Game seed: 398189602885448144

445 CatalinOSBI the Grave Robber (level 6, 0/32 HPs)
             Began as a Deep Elf Necromancer on Mar 29, 2023.
             Slain by an ogre
             ... wielding a +0 giant club
              (30 damage)
             ... on level 5 of the Dungeon.
             The game lasted 00:33:38 (5012 turns).

CatalinOSBI the Grave Robber (Deep Elf Necromancer) Turns: 5012, Time: 00:33:49

Health: 0/32       AC:  5    Str:  3 (5)  XL:     6   Next: 72%
Magic:  12/18      EV: 11    Int: 21 (22) God:
Gold:   235        SH:  0    Dex: 19 (21) Spells: 12/19 levels left

rFire   . . .      SeeInvis .   j - +0 sling
rCold   . . .      Faith    .   (no shield)
rNeg    . . .      Spirit   .   f - +2 leather armour "Kimpalo" {Rampage Dex+6}
rPois   .          Reflect  .   (no helmet)
rElec   .          Harm     .   (no cloak)
rCorr   .          Rampage  +   (no gloves)
Will    .....                   (no boots)
Stlth   ++........              (no amulet)
HPRegen 0.10/turn               (no ring)
MPRegen 0.16/turn               (no ring)

@: no status effects
A: no striking features
a: no special abilities


You were on level 5 of the Dungeon.
You visited 1 branch of the dungeon, and saw 5 of its levels.

You collected 235 gold pieces.

Inventory:

Hand Weapons
 c - a +0 dagger
 j - a +0 sling (weapon)
Missiles
 m - 20 stones
 p - 3 boomerangs
Armour
 a - a +0 robe
 f - the +2 leather armour "Kimpalo" (worn) {Rampage Dex+6}
   (You took it off a goblin on level 2 of the Dungeon)

   Dex:       It affects your dexterity (+6).
   Rampage:   It bestows one free step when moving towards enemies.
 h - an orb of mayhem
Scrolls
 g - a scroll of enchant weapon
 i - 2 scrolls of magic mapping
 l - a scroll of vulnerability
Potions
 b - a potion of magic
 e - 3 potions of heal wounds
 k - a potion of flight {unknown}
 o - a potion of might {unknown}


   Skills:
 - Level 2.7 Dodging
 - Level 2.7 Stealth
 * Level 7.0 Spellcasting
 * Level 7.6 Necromancy


You had 12 spell levels left.
You knew the following spells:

 Your Spells              Type           Power      Damage    Failure   Level
a - Necrotise             Necr           100%       1d9       1%          1
b - Vampiric Draining     Necr           39%        2d8       2%          3
c - Swiftness             Air            7%         N/A       45%         3

Your spell library contained the following spells:

 Spells                   Type           Power      Damage    Failure   Level
 Animate Dead             Necr           39%        N/A       8%          4
 Shock                    Conj/Air       28%        1d4       17%         1
 Agony                    Necr           39%        N/A       22%         5
 Scorch                   Fire           14%        2d6       26%         2
 Airstrike                Air            3%         2d(1-17)  86%         4
 Flame Wave               Conj/Fire      7%         2d5       86%         4
 Summon Cactus Giant      Summ           3%         N/A       100%        6


Dungeon Overview and Level Annotations

Branches:
Dungeon (5/15)
 Temple: D:4-7

Altars:
Vehumet
Yredelemnul

Shops:
D:4 [

Annotations:
D:4 H0rd4k's ghost, amateur OpAr; vampirul's ghost, amateur DjVM


Message History

Okay, then.
Casting: Vampiric Draining (dangerous; 2% risk of failure)
Confirm with . or Enter, or press ? or * to list all spells.
Aiming: Necrotise (safe; 1% risk of failure)
Press: ? - help, Shift-Dir - straight line, f/p - ogre
Aim: an ogre, wielding a +0 giant club (almost dead, chance to affect: 83%)
The ogre barely resists.
The ogre closely misses you. The ogre attacks as you move away!
The ogre hits you with a +0 giant club!!
Ouch! That really hurt!
* * * LOW HITPOINT WARNING * * *
There is a stone staircase leading up here.
You can't go down here!
You climb upwards.
Level annotation: H0rd4k's ghost, amateur OpAr; vampirul's ghost, amateur DjVM
There is a stone staircase leading down here.
You start resting.
Magic restored.
You start resting.
Vampirul's ghost is nearby!
Vampirul's ghost is nearby!
There is a stone staircase leading down here.
You climb downwards.
The ogre closely misses you.
There is a stone staircase leading up here.
Casting: Necrotise (safe; 1% risk of failure)
Confirm with . or Enter, or press ? or * to list all spells.
Aiming: Vampiric Draining (dangerous; 2% risk of failure)
Press: ? - help, Shift-Dir - straight line, f - ogre
Aim: an ogre, wielding a +0 giant club (moderately wounded)
You draw life force from the ogre.
You feel life coursing into your body. The ogre barely misses you.
Casting: Vampiric Draining (dangerous; 2% risk of failure)
Confirm with . or Enter, or press ? or * to list all spells.
Aiming: Vampiric Draining (dangerous; 2% risk of failure)
Press: ? - help, Shift-Dir - straight line, f/p - ogre
Aim: an ogre, wielding a +0 giant club (heavily wounded)
You draw life force from the ogre!
You feel life coursing into your body.
The ogre hits you with a +0 giant club!!
Ouch! That really hurt!
You die...

.#.### ### ....#.
##.## .
.....##...# ..
##......# ....
#.....>##
.....#......####
.(.........##..##
........O.......#
.....###.@†.....#
..>..........#....
......#......# .#.
.##......[...# #
?.........#.##
..#..##(###...
......[.. .....
.###.!#### ...##.
#... #.##


You could see an ogre.

Vanquished Creatures
  A black bear (D:4)
  A scorpion (D:4)
  2 hounds (D:5)
  An orc wizard (D:5)
  7 gnolls
  6 adders
  A worm (D:3)
  8 orcs
  8 ball pythons
  5 endoplasms
  A giant cockroach (D:1)
  8 goblins
  5 hobgoblins
  3 jackals (D:1)
  5 kobolds
  2 quokkas (D:3)
  7 bats
  4 frilled lizards
  3 rats
78 creatures vanquished.

Vanquished Creatures (collateral kills)
  2 endoplasms (D:2)
  A hobgoblin (D:1)
  2 rats (D:2)
5 creatures vanquished.

Vanquished Creatures (others)
  A ball python (D:2)
  8 plants (D:2)
9 creatures vanquished.

Grand Total: 92 creatures vanquished

Notes
Turn   | Place    | Note
-------+----------+-------------------------------------------
     0 | D:1      | CatalinOSBI the Deep Elf Necromancer began the quest for
                  | the Orb.
     0 | D:1      | Reached XP level 1. HP: 10/10 MP: 6/6
   116 | D:1      | Reached skill level 5 in Necromancy
   116 | D:1      | Reached XP level 2. HP: 15/15 MP: 4/8
  1008 | D:2      | Reached XP level 3. HP: 7/19 MP: 2/10
  1416 | D:2      | Identified the +2 leather armour "Kimpalo" {Rampage Dex+6}
  1603 | D:2      | Reached XP level 4. HP: 17/24 MP: 3/12
  1766 | D:2      | Found a faded altar of an unknown god.
  2116 | D:2      | Learned a level 3 spell: Vampiric Draining
  2120 | D:2      | Learned a level 3 spell: Swiftness
  2340 | D:3      | Reached skill level 5 in Spellcasting
  2870 | D:3      | Found a glowing drain.
  2887 | D:3      | Reached XP level 5. HP: 28/28 MP: 11/14
  3102 | D:4      | Noticed a black bear
  3107 | D:4      | Killed a black bear
  3257 | D:4      | Reached XP level 6. HP: 31/32 MP: 6/17
  3722 | D:4      | Found Xoedwisa's Antique Armour Boutique.
  3743 | D:4      | Found a radiant altar of Vehumet.
  3743 | D:4      | Found a basalt altar of Yredelemnul.
  4194 | D:4      | Found a runed translucent gate.
  4195 | D:4      | Found a runed translucent gate.
  4195 | D:4      | Found a runed translucent gate.
  4197 | D:4      | Noticed vampirul's ghost (amateur DjVM)
  4197 | D:4      | Noticed H0rd4k's ghost (amateur OpAr)
  4790 | D:5      | Entered Level 5 of the Dungeon
  5012 | D:5      | Slain by an ogre

Illustrated notes

Levels and vault maps discovered:
D:1:      lemuel_arrival_river_bridge, layout_basic, minmay_heptomino_h4
D:2:      layout_basic, chequers_ecumenical_altar_lobes, minmay_box_of_dots
D:3:      layout_basic, cheibrodos_sewer_entry_bend, minivault_24
D:4:      layout_basic, mainiacjoe_overflow_divided_tiny, serial_shops, shop,
          gammafunk_ghost_cemetery, hangedman_feature_mirror, sigmund_army
D:5:      layout_cave_pools, nicolae_ru_path_of_blood, serial_shops,
          nicolae_shop_statue_plus, minmay_shop_damaged

Skill      XL: |  1  2  3  4  5  6 |
---------------+-------------------+-----
Necromancy     | 5 6 7 |  7.6
Spellcasting   | 4 5 6 7 |  7.0
Dodging        | |  2.7
Stealth        | |  2.7

Action                   |  1- 3 |  4- 6 || total
-------------------------+-------+-------++-------
Melee: Dagger            |     2 |       ||     2
 Fire: Sling             |       |    24 ||    24
 Cast: Necrotise         |    49 |    74 ||   123
       Vampiric Draining |       |    18 ||    18
  Use: Scroll            |     4 |    10 ||    14
       Potion            |       |     5 ||     5
Armor: Leather armour    |     1 |     4 ||     5
Dodge: Dodged            |     7 |    14 ||    21
